AoeStats
← peters96

Arabia

504683774Analyzed
1v1 RM · 27d ago on Sep 6, 2026· 48m 9s· 2 players
Game mode
Random Map
Map size
Tiny (2 player)
Population
200
Speed
Normal
Resources
Standard
Victory
Conquest
Starting age
Dark Age
Ending age
Imperial Age
RankedLock teamsTeams togetherTeam positionsShared explorationLock speedFull tech treeHidden civsTurbo modeCheats
Victory
Defeat
🇩🇪 Teutons · Germany
935
+18
🇪🇸 Bulgarians · Spain
985
-18
peters96
12:40 Feudal Age
12:42 Man-at-Arms
17:34 Scale Mail Armor
24:51 Castle Age
25:15 Forging
25:11 Long Swordsman
26:38 Arson
29:45 Gambesons
30:02 Squires
32:40 Double-Bit Axe
38:27 Town Watch
40:02 Iron Casting
39:53 Chain Mail Armor
41:31 Wheelbarrow
41:25 Town Patrol
irupower
3:21 Loom
11:25 Feudal Age
13:57 Forging
13:48 Scale Mail Armor
14:03 Loom
25:35 Castle Age
24:19 Horse Collar
28:30 Iron Casting
32:14 Chain Mail Armor
32:54 Wheelbarrow
41:06 Imperial Age
38:49 Fletching
40:03 Hand Cart
41:28 Murder Holes
45:14 Fervor
Connection lost

Rejoining the realm…

Still unreachable

The connection could not be restored.

Session expired

The server has moved on; the page needs a fresh start.